 Dungeon Crawl Stone Soup version 0.27-a0-522-g46bbb28828 (webtiles) character file.

Game seed: 15856860738004885965

28 tilp the Sneak (level 3, 0/23 HPs)
             Began as an Octopode Transmuter on Mar 4, 2021.
             Slain by Jessica
             ... wielding a +0 dagger
              (3 damage)
             ... on level 2 of the Dungeon.
             The game lasted 00:01:44 (927 turns).

tilp the Sneak (Octopode Transmuter)                 Turns: 927, Time: 00:01:45

Health: 0/23       AC:  1    Str:  9    XL:     3   Next: 14%
Magic:  12/15      EV: 13    Int: 16    God:
Gold:   55         SH:  0    Dex: 12    Spells: 3/6 levels left

rFire    . . .     SeeInvis .     - Unarmed
rCold    . . .     Faith    .   (no shield)
rNeg     . . .     Spirit   .   (helmet restricted)
rPois    .         Reflect  .   (no amulet)
rElec    .         Harm     .   a - ring of magical power
rCorr    .         Rampage  .   (no ring)
Will     .....                  (no ring)
Stlth    +++.......             (no ring)
HPRegen  0.07/turn              (no ring)
MPRegen  0.14/turn              (no ring)
                                (no ring)
                                (no ring)

@: wereblooded (expiring)
A: almost no armour, amphibious, 8 rings, constrict 8, camouflage 1, gelatinous
body 1, nimble swimmer 1
a: no special abilities


You were on level 2 of the Dungeon.
You visited 1 branch of the dungeon, and saw 2 of its levels.

You collected 55 gold pieces.

Inventory:

Missiles
 b - 50 stones
 g - 9 poisoned darts
Jewellery
 a - a ring of magical power (left tentacle)
Scrolls
 c - a scroll of identify {unknown}
 e - a scroll of fear {unknown}
 f - a scroll of enchant armour
Potions
 d - a potion of curing {unknown}


   Skills:
 + Level 1.0 Fighting
 - Level 2.0 Dodging
 - Level 4.0 Stealth
 + Level 3.0 Unarmed Combat
 - Level 2.0 Spellcasting
 - Level 2.0 Transmutations


You had 3 spell levels left.
You knew the following spells:

 Your Spells              Type           Power        Failure   Level
a - Beastly Appendage     Tmut           16%          9%          1
b - Wereblood             Tmut           8%           14%         2

Your spell library contained the following spells:

 Spells                   Type           Power        Failure   Level
 Spider Form              Tmut/Pois      2%           38%         3
 Ice Form                 Ice/Tmut       4%           80%         4
 Blade Hands              Tmut           4%           94%         5


Dungeon Overview and Level Annotations

Branches:
Dungeon (2/15)

Altars:

Annotations:
D:2 Jessica


Innate Abilities, Weirdness & Mutations

You cannot wear most types of armour.
You are amphibious.
You can wear up to eight rings at the same time.
You can use your tentacles to constrict eight enemies at once.
Your skin changes colour to match your surroundings (Stealth+).
Your rubbery body absorbs attacks. (AC +1, EV +1)
You are stealthy while swimming. (Stealth+)


Message History

a +0 dagger; a +0 short sword; a kobold corpse An adder comes into view.
The adder hisses angrily.
The jackal barks!
You hear an angry hiss.
Your tentacle spike disappears.
You closely miss the adder. You grab the adder. You constrict the adder.
The adder bites you but does no damage.
You tentacle-slap the adder. You squeeze the adder.
You kill the adder!
Training target 4.0 for Stealth reached!
Your Stealth skill increases to level 4!
You need to enable at least one skill for training.
You have reached level 3!
Your experience leads to an increase in your attributes!
Increase (S)trength, (I)ntelligence, or (D)exterity?
You feel clever.
Jessica the Apprentice Sorceress comes into view.
She is wielding a +0 dagger.
Jessica casts a spell.
Jessica seems to speed up.
A frilled lizard comes into view.
Found a red potion.
Your primal bloodlust is almost over.
The jackal bites you.
You tentacle-slap the jackal. You grab the jackal. You squeeze the jackal.
You kill the jackal!
You tentacle-slap Jessica. Your grab misses Jessica.
Jessica is moderately wounded.
You hear a shout!
Jessica hits you with a +0 dagger.
You closely miss Jessica. Your grab misses Jessica.
Jessica is moderately wounded.
Jessica hits you with a +0 dagger.
* * * LOW HITPOINT WARNING * * *
Jessica shouts, "You're disturbing me!
I'll have to kill you!" Jessica hits you with a +0 dagger.
* * * LOW HITPOINT WARNING * * *
You barely miss Jessica. Your grab misses Jessica.
Jessica is moderately wounded.
Jessica hits you with a +0 dagger.
You die...

#.. #.# ..#
#.# !.# ##.##
..###.
##...##@.....
#..#.........
#....#.......
#.#.##.###Kh.
#)#.@@.# .
#[####.# #<#
... #.# ##...
#.# ..... #.#
.... #.# ..#
#.. .## ###


You could see Jessica (fast).

Vanquished Creatures
  An adder (D:2)
  3 bats (D:1)
  3 goblins (D:1)
  2 hobgoblins (D:1)
  2 jackals (D:2)
  4 kobolds
  3 rats (D:1)
18 creatures vanquished.

Vanquished Creatures (others)
  A plant (D:1)
1 creature vanquished.

Grand Total: 19 creatures vanquished

Notes
Turn   | Place    | Note
-------+----------+-------------------------------------------
     0 | D:1      | tilp the Octopode Transmuter began the quest for the Orb.
     0 | D:1      | Reached XP level 1. HP: 13/13 MP: 3/3
    30 | D:1      | Reached skill level 1 in Stealth
   232 | D:1      | Reached skill level 2 in Stealth
   274 | D:1      | Reached XP level 2. HP: 18/18 MP: 5/5
   277 | D:1      | Learned a level 2 spell: Wereblood
   744 | D:1      | Reached skill level 3 in Stealth
   921 | D:2      | Reached skill level 4 in Stealth
   921 | D:2      | Reached XP level 3. HP: 16/23 MP: 6/6
   921 | D:2      | Noticed Jessica
   927 | D:2      | Slain by Jessica

Illustrated notes

Levels and vault maps discovered:
D:1:      roderic_crop_circles_arrival_small, layout_basic,
          hangedman_feature_mirror, chequers_serial_rivers_micro_c
D:2:      layout_loops_ring, uniq_jessica, uniq_natasha, uniq_sigmund

Skill      XL: |  1  2 |
---------------+-------+-----
Stealth        | 2 4 |  4.0
Fighting       | |  1.0
Dodging        | |  2.0
Unarmed Combat | |  3.0
Spellcasting   | |  2.0
Transmutations | |  2.0

Action                   || total
-------------------------++-------
Melee: Unarmed           ||    43
       Constrict         ||    13
       Tentacles         ||     8
       Punch             ||     2
       Kick              ||     3
 Cast: Beastly Appendage ||     2
       Wereblood         ||     1
  Use: Scroll            ||     1
 Stab: Sleeping          ||     6
Armor: Skin              ||     3
Dodge: Dodged            ||    20

Table legend: (Time is in decaauts)
 A = Elapsed time spent in this place.
 B = Non-inter-level travel time spent in this place.
 C = Inter-level travel time spent in this place.
 D = Time resting spent in this place.
 E = Time spent auto-exploring this place.
 F = Levels seen in this place.
 G = Mean time per level.
                   A        B        C        D        E       F      G
               +--------+--------+--------+--------+--------+-----+--------+
         Total |    923 |    880 |     43 |      0 |    725 |   2 |  461.5 |
       Dungeon |    923 |    880 |     43 |      0 |    725 |   2 |  461.5 |
               +--------+--------+--------+--------+--------+-----+--------+

Top non-repeatable levels by time:
     D:1: 880 daAuts
     D:2: 42 daAuts
